 Dungeon Crawl Stone Soup version 0.30-a0-757-ga6a79fd877 (webtiles) character file.

Game seed: 6888199728104336369

12247 hikkokomori the Blocker (level 11, -1/111 HPs)
             Began as a Troll Fighter on Feb 10, 2023.
             Was a Priest of Qazlal.
             Slain by a blink frog (14 damage)
             ... on level 11 of the Dungeon.
             The game lasted 00:18:06 (10322 turns).

hikkokomori the Blocker (Troll Fighter)            Turns: 10322, Time: 00:18:07

Health: -1/111     AC: 11    Str: 26    XL:     11   Next: 59%
Magic:  12/12      EV: 11    Int:  4    God:    Qazlal [***...]
Gold:   579        SH: 15    Dex: 13    Spells: 10/10 levels left

rFire   . . .      SeeInvis .      - Unarmed
rCold   . . .      Faith    .    b - +0 kite shield
rNeg    . . .      Spirit   .    A - +0 acid dragon scales
rPois   .          Reflect  .    C - +2 hat {Will+}
rElec   .          Harm     .    k - +0 cloak
rCorr   +          Rampage  .    (gloves unavailable)
Will    +....                    (boots unavailable)
Stlth   +                        j - amulet of magic regeneration
HPRegen 1.18/turn                (no ring)
MPRegen 0.53/turn                (no ring)

@: studying Unarmed Combat
A: large, unfitting armour, claws 3, regeneration 1, shaggy fur 1, tough skin 1
a: Renounce Religion, Upheaval, Elemental Force


You were on level 11 of the Dungeon.
You worshipped Qazlal.
Qazlal was most pleased with you.
You visited 3 branches of the dungeon, and saw 13 of its levels.

You collected 683 gold pieces.
You spent 104 gold pieces at shops.

Inventory:

Hand Weapons
 E - a +0 arbalest
Armour
 a - a +0 robe
 b - a +0 kite shield (worn)
 k - a +0 cloak (worn)
 A - +0 acid dragon scales (worn)
 C - a +2 hat of willpower (worn)
Jewellery
 d - a ring of fire
 j - an amulet of magic regeneration (around neck)
Wands
 e - a wand of polymorph (12)
 q - a wand of quicksilver (10)
 t - a wand of charming (13)
 x - a wand of flame (13)
 y - a wand of iceblast (10)
Scrolls
 f - 6 scrolls of teleportation
 g - 2 scrolls of enchant weapon
 h - 2 scrolls of magic mapping
 l - 2 scrolls of enchant armour
 o - 2 scrolls of fear
 s - a scroll of fog {unknown}
 u - a scroll of butterflies
 B - a scroll of identify
 D - 2 scrolls of blinking
Potions
 c - 5 potions of might
 i - 4 potions of curing
 m - 2 potions of mutation
 n - a potion of heal wounds
 p - 2 potions of magic
 r - 5 potions of haste
 v - a potion of brilliance
 w - a potion of flight {unknown}
 F - a potion of lignification {unknown}
Miscellaneous
 z - a lightning rod (4/4)


   Skills:
 + Level 8.1 Fighting
 - Level 7.2 Dodging
 + Level 8.9 Shields
 + Level 8.3 Unarmed Combat
 + Level 3.8 Invocations
 + Level 4.2 Evocations


You had 10 spell levels left.
You didn't know any spells.
Your spell library contained the following spells:

 Spells                   Type           Power      Damage    Failure   Level
 Freeze                   Ice            0%         1d3       80%         1
 Magic Dart               Conj           0%         1d3       80%         1
 Call Imp                 Summ           0%         N/A       91%         2
 Frozen Ramparts          Ice            0%         1d1       99%         3
 Gell's Gravitas          Tloc           0%         N/A       99%         3
 Hailstorm                Conj/Ice       0%         3d3       99%         3
 Mephitic Cloud           Conj/Pois/Air  0%         N/A       99%         3
 Teleport Other           Tloc           0%         N/A       99%         3
 Animate Armour           Summ/Erth      0%         N/A       100%        4
 Blade Hands              Tmut           0%         N/A       100%        5
 Dispersal                Tloc           0%         N/A       100%        6
 Iron Shot                Conj/Erth      0%         9d1       100%        6


Dungeon Overview and Level Annotations

Branches:
Dungeon (11/15)            Temple (1/1) D:4            Lair (1/5) D:11
    Orc (0/2) D:9

Altars:
Ashenzari
Cheibriados
Dithmenos
Elyvilon
Fedhas
Gozag
Hepliaklqana
Kikubaaqudgha
Makhleb
Nemelex Xobeh
Okawaru
Qazlal
Ru
Sif Muna
Trog
Uskayaw
Vehumet
Wu Jian
Xom
Yredelemnul
Zin
The Shining One

Shops:
D:2 !   D:3 *


Innate Abilities, Weirdness & Mutations

You are too large for most types of armour.
You have claws for hands.
Your natural rate of healing is unusually fast.
You are covered in fur. (AC +1)
You have tough skin. (AC +1)


Message History

You are too injured to fight recklessly!
You are too injured to fight recklessly!
You are too injured to fight recklessly!
You are too injured to fight recklessly!
You are too injured to fight recklessly!
You are too injured to fight recklessly!
You are too injured to fight recklessly!
You are too injured to fight recklessly!
You are too injured to fight recklessly!
You are too injured to fight recklessly!
You are too injured to fight recklessly!
You are too injured to fight recklessly!
You are too injured to fight recklessly!
You are too injured to fight recklessly!
You are too injured to fight recklessly!
You are too injured to fight recklessly!
You are too injured to fight recklessly!
You are too injured to fight recklessly!
The blink frog attacks as you move away!
You block the blink frog's attack.
The blink frog blinks!
The blink frog hits you!
The blink frog attacks as you move away!
You block the blink frog's attack.
The blink frog attacks as you move away!
The blink frog hits you.
The blink frog blinks! x2; The blink frog hits you!
* * * LOW HITPOINT WARNING * * *
There is a staircase back to the Dungeon here.
The blink frog hits you!
* * * LOW HITPOINT WARNING * * *
The blink frog blinks!
You climb upwards.
Welcome back to the Dungeon!
There is a staircase to the Lair here.
You claw the blink frog!
The blink frog is moderately wounded.
The blink frog hits you.
* * * LOW HITPOINT WARNING * * *
You scratch the blink frog.
The blink frog is heavily wounded.
You block the blink frog's attack. The blink frog hits you!
You die...

......##.###..####
###.###..###..
.#.#.#.#.#.......## #.#....#
### ......##.#.####...##
#...##.#
#.#.#......###.....###..###.##
......#[#####..P....##.## #..#
.#.#.##.#####.P..PP.##.# ##.#
.....................#.# #[#
#.#.###.###......°...#.##
#.### ...## #.#
#.....@.....<.# #...## ##.#
#.# #.....F....#..# ###...
##.####.#
##.........#..#######..
.....##.#
##..P..P.#.....##.....
##.#>#..#
###.......##.......###.
##.#...####.##.....##......###
#.
#...........###...#######.####
#. #..###.##.### ##..#.#
#....###. ...# #.##.## ##...#
#.##...#.


You could see a blink frog.

Vanquished Creatures
  Erica (D:10)
  A catoblepas (D:11)
  2 boulder beetles (D:11)
  2 manticores (D:11)
  Psyche (D:9)
  An efreet (D:11)
  A troll (D:10)
  Grinder (D:3)
  7 wyverns
  A basilisk (D:11)
  14 yaks
  4 shadows
  A steam dragon (D:8)
  Eustachio (D:5)
  Edmund (D:4)
  Menkaure (D:4)
  A warg (shapeshifter) (D:11)
  An acid dragon (D:10)
  A water moccasin (D:9)
  2 sky beasts
  An ice beast (D:5)
  3 orc warriors
  A black bear (D:11)
  An ogre (D:4)
  3 centaurs
  A phantom (D:6)
  3 kobold brigands
  6 bullfrogs
  A gnoll sergeant (D:9)
  3 necrophages (D:6)
  2 scorpions
  4 wights
  5 killer bees (D:9)
  A howler monkey (D:5)
  2 jellies
  4 orc priests
  2 gnoll boudas (D:8)
  A hound (D:5)
  4 iguanas
  Ijyb (D:4)
  12 orc wizards
  Natasha (D:3)
  13 adders
  14 gnolls
  2 shadow imps
  4 white imps
  5 worms
  3 dart slugs
  31 orcs
  10 ball pythons
  9 endoplasms
  A giant cockroach (D:1)
  8 goblins
  9 hobgoblins
  3 quokkas
  4 bats
  6 frilled lizards
  13 kobolds
  7 rats
249 creatures vanquished.

Vanquished Creatures (collateral kills)
  A yak (D:9)
1 creature vanquished.

Vanquished Creatures (others)
  A slime creature (D:11)
  A plant (D:5)
2 creatures vanquished.

Grand Total: 252 creatures vanquished

Notes
Turn   | Place    | Note
-------+----------+-------------------------------------------
     0 | D:1      | hikkokomori the Troll Fighter began the quest for the Orb.
     0 | D:1      | Reached XP level 1. HP: 22/22 MP: 0/0
    37 | D:1      | Reached XP level 2. HP: 29/29 MP: 1/1
   496 | D:1      | Reached XP level 3. HP: 36/36 MP: 2/2
   889 | D:2      | Reached XP level 4. HP: 32/44 MP: 3/3
  1081 | D:2      | Found Juosur's Distillery.
  1089 | D:2      | Bought 2 potions of might for 104 gold pieces
  1279 | D:3      | Reached XP level 5. HP: 44/53 MP: 4/4
  1599 | D:3      | Noticed Grinder
  2129 | D:3      | Paralysed by Grinder for 5 turns
  2138 | D:3      | Killed Grinder
  2139 | D:3      | Reached XP level 6. HP: 20/62 MP: 5/5
  2242 | D:3      | Found Jeon's General Store.
  2412 | D:4      | Noticed Natasha
  2515 | D:3      | Killed Natasha
  2516 | D:3      | Reached XP level 7. HP: 68/68 MP: 6/6
  2584 | D:4      | Noticed Ijyb
  2593 | D:4      | Killed Ijyb
  2656 | D:4      | Found a staircase to the Ecumenical Temple.
  2738 | Temple   | Entered the Ecumenical Temple
  2944 | Temple   | Became a worshipper of Qazlal Stormbringer
  3278 | D:4      | Noticed Edmund
  3292 | D:4      | Killed Edmund
  3323 | D:4      | Noticed Menkaure
  3334 | D:4      | Killed Menkaure
  3557 | D:5      | Entered Level 5 of the Dungeon
  3563 | D:5      | Reached skill level 5 in Shields
  3563 | D:5      | Reached XP level 8. HP: 76/79 MP: 7/7
  3710 | D:5      | Noticed Eustachio
  3712 | D:5      | Reached skill level 5 in Unarmed Combat
  3714 | D:5      | Found a hazy altar of Hepliaklqana.
  3747 | D:5      | Killed Eustachio
  3884 | D:5      | Reached skill level 5 in Fighting
  3884 | D:5      | Reached skill level 5 in Dodging
  4055 | D:5      | Reached * piety under Qazlal
  4649 | D:6      | Reached XP level 9. HP: 85/88 MP: 8/8
  6161 | D:7      | Found a shimmering altar of Xom.
  6784 | D:8      | Found a flagged portal.
  7199 | D:9      | Noticed Psyche
  7205 | D:9      | Killed Psyche
  7206 | D:9      | Reached XP level 10. HP: 99/100 MP: 9/9
  7234 | D:9      | Reached ** piety under Qazlal
  7235 | D:9      | Reached skill level 1 in Evocations
  7274 | D:9      | Found a staircase to the Orcish Mines.
  7739 | D:9      | Found a large runed translucent door.
  7740 | D:9      | Found a large runed translucent door.
  8300 | D:9      | Found an iron altar of Okawaru.
  8342 | D:9      | Found a basalt altar of Yredelemnul.
  8383 | D:10     | Entered Level 10 of the Dungeon
  8709 | D:10     | Noticed Erica
  8754 | D:10     | Killed Erica
  8755 | D:10     | Reached skill level 1 in Invocations
  8866 | D:10     | Found a broken altar of Ashenzari.
  8906 | D:10     | Reached XP level 11. HP: 109/109 MP: 11/11
  8997 | D:10     | Reached *** piety under Qazlal
  9253 | D:11     | Found a staircase to the Lair.
  9467 | D:11     | Noticed a boulder beetle
  9482 | D:11     | Noticed a boulder beetle
  9505 | D:11     | Killed a boulder beetle
  9862 | D:11     | Killed a boulder beetle
  9866 | D:11     | Noticed a catoblepas
  9912 | D:11     | Killed a catoblepas
 10133 | D:11     | Found a shimmering blue altar of Sif Muna.
 10301 | Lair:1   | Entered Level 1 of the Lair of Beasts
 10322 | D:11     | Slain by a blink frog

Illustrated notes

Levels and vault maps discovered:
D:1:      heliophobic_arrival_enchanted_forest, layout_loops_cross,
          minmay_crystal_water
D:2:      layout_loops_ring, serial_shops, nicolae_shop_advertising_works
          [nicolae_subvault_shop_adworks]
D:3:      layout_basic, serial_shops, nicolae_square_shop,
          minmay_misc_feat_rows, uniq_grinder
D:4:      layout_basic, minmay_temple_entry_glassed_door, st_stairs_12,
          grunt_ministairs_15, minmay_box_of_dots, uniq_edmund, uniq_ijyb,
          uniq_menkaure, uniq_natasha
D:5:      layout_basic, mainiacjoe_overflow_tiny_flanked, uniq_eustachio
D:6:      layout_layer_cave, minmay_quadrilaterals
D:7:      layout_basic, lemuel_round_altar
D:8:      layout_loops_cross, enter_bailey_4, st_stairs_8,
          grunt_decor_resistance
D:9:      layout_long_grid, jmf_multi_god_temple2, david_orc_2, uniq_psyche
D:10:     layout_irregular_city, mainiacjoe_overflow_surrounded_room, uniq_erica
D:11:     minmay_shrinking_squares, layout_rooms, david_lair_generic,
          hex_medium, kennysheep_orc_sif_temple
Temple:   bh_familiar_temple
Lair:1:   minmay_lair_oklob_chamber, layout_small_grid,
          gammafunk_ghost_necromancy, basic_altar

Skill      XL: |  1  2  3  4  5  6  7  8  9 10 11 |
---------------+----------------------------------+-----
Shields        | 3 4 5 6 7 8 |  8.9
Dodging        | 3 4 5 6 7 |  7.2
Fighting       | 3 4 5 6 7 8 |  8.1
Unarmed Combat | 3 4 6 7 8 |  8.3
Evocations     | 3 4 |  4.2
Invocations    | 1 3 |  3.8

Action                     |  1- 3 |  4- 6 |  7- 9 | 10-12 || total
---------------------------+-------+-------+-------+-------++-------
  Melee: Unarmed           |    89 |   145 |   327 |   327 ||   888
 Invoke: Upheaval          |       |       |       |     2 ||     2
  Evoke: Wand              |       |       |       |     4 ||     4
    Use: Potion            |       |     2 |       |     4 ||     6
         Scroll            |       |     3 |     9 |     6 ||    18
   Stab: Sleeping          |       |     1 |       |       ||     1
 Armour: Robe              |    23 |    32 |    62 |    31 ||   148
         Acid dragon scale |       |       |       |    21 ||    21
  Dodge: Dodged            |    20 |    68 |    66 |   129 ||   283
  Block: Kite shield       |    27 |    52 |   145 |   213 ||   437

Table legend: (Time is in decaauts)
 A = Elapsed time spent in this place.
 B = Non-inter-level travel time spent in this place.
 C = Inter-level travel time spent in this place.
 D = Time resting spent in this place.
 E = Time spent auto-exploring this place.
 F = Levels seen in this place.
 G = Mean time per level.
                   A        B        C        D        E       F      G
               +--------+--------+--------+--------+--------+-----+--------+
         Total |  10348 |   9873 |    475 |    342 |   7524 |  13 |  796.0 |
       Dungeon |  10102 |   9684 |    418 |    342 |   7359 |  11 |  918.4 |
        Temple |    227 |    171 |     56 |      0 |    165 |   1 |  227.0 |
          Lair |     18 |     18 |      0 |      0 |      0 |   1 |   18.0 |
               +--------+--------+--------+--------+--------+-----+--------+

Top non-repeatable levels by time:
     D:9: 1277 daAuts
     D:6: 1144 daAuts
    D:11: 1028 daAuts
     D:3: 986 daAuts
     D:4: 917 daAuts
     D:5: 889 daAuts
    D:10: 885 daAuts
     D:2: 865 daAuts
     D:8: 859 daAuts
     D:7: 655 daAuts
     D:1: 592 daAuts
  Temple: 227 daAuts
  Lair:1: 18 daAuts
